 Dungeon Crawl Stone Soup version 0.21.1-1-g345015f (webtiles) character file.

56502 Hasart the Thaumaturge (level 14, -5/85 HPs)
             Began as a Mummy Wizard on Apr 10, 2018.
             Was a High Priest of Sif Muna.
             Shot with an arrow by a centaur warrior (23 damage)
             ... on level 13 of the Dungeon on Apr 18, 2018.
             The game lasted 02:18:04 (35652 turns).

Hasart the Thaumaturge (Mummy Wizard)              Turns: 35652, Time: 02:18:05

Health: -5/85      AC: 11    Str: 16    XL:     14   Next: 42%
Magic:  31/32      EV: 16    Int: 21    God:    Sif Muna [*****.]
Gold:   860        SH:  0    Dex: 15    Spells: 21/42 levels left

rFire    . . .     SeeInvis .   c - +7 rapier "Xarep" {freeze, rPois rF+}
rCold    + + .     Gourm    .   (no shield)
rNeg     + + +     Faith    .   I - +2 robe {MR+}
rPois    ∞         Spirit   .   T - +2 helmet
rElec    +         Reflect  .   E - +1 cloak of Starlight {rElec rC+ EV+4 Stlth--}
rCorr    .         Harm     .   B - +0 pair of gloves
MR       ++...                  m - +0 pair of boots
Stlth    ..........             f - amulet of regeneration
HPRegen  0.64/turn              t - +5 ring of dexterity (curse)
MPRegen  0.23/turn              x - +4 ring of strength

@: swift, very quick
A: no food or potions, fire vulnerability, cold resistance 1, negative energy
resistance 3, torment resistance, unbreathing, in touch with death 1
a: Divine Energy, Channel Magic, Forget Spell, Renounce Religion


You were on level 13 of the Dungeon.
You worshipped Sif Muna.
Sif Muna was extremely pleased with you.
You were not hungry.

You visited 4 branches of the dungeon, and saw 22 of its levels.
You also visited: Sewer and Ossuary.

You collected 2056 gold pieces.
You spent 1196 gold pieces at shops.

Inventory:

Hand Weapons
 c - the +7 rapier "Xarep" (weapon) {freeze, rPois rF+}
   (You bought it in a shop on level 2 of the Orcish Mines)

   It has been specially enchanted to freeze those struck by it, causing extra
   injury to most foes and up to half again as much damage against particularly
   susceptible opponents.
   It can also slow down cold-blooded creatures.
   It protects you from fire.
   It protects you from poison.
 e - the cursed +1 falchion "Widowermaker" {slice, SInv}
   (You bought it in a shop on level 2 of the Orcish Mines)

   It inflicts extra damage upon your enemies.
   It lets you see invisible.
   It has a curse placed upon it.
Armour
 m - a +0 pair of boots (worn)
 B - a +0 pair of gloves (worn)
 E - the +1 cloak of Starlight (worn) {rElec rC+ EV+4 Stlth--}
   (You found it on level 8 of the Dungeon)

   It affects your evasion (+4).
   It protects you from cold.
   It insulates you from electricity.
   It makes you much less stealthy.
 G - a +0 troll leather armour
 I - a +2 robe of magic resistance (worn)
 M - a +1 robe of cold resistance
 T - a +2 helmet (worn)
Magical Staves
 d - an uncursed staff of energy
 n - an uncursed staff of cold
 N - an uncursed staff of earth
Jewellery
 b - a +4 amulet of reflection {unknown}
 f - an amulet of regeneration (around neck)
 o - an uncursed amulet of faith
 t - a cursed +5 ring of dexterity (left hand)
 x - a +4 ring of strength (right hand)
 J - an uncursed amulet of magic regeneration
 Q - an uncursed ring of ice
Wands
 i - a wand of clouds (5)
 v - a wand of acid (20)
 z - a wand of digging (19)
 A - a wand of scattershot (11)
 H - a wand of iceblast (6)
Scrolls
 a - 2 scrolls of amnesia
 g - 16 scrolls of remove curse
 h - 23 scrolls of identify
 j - 6 scrolls of magic mapping
 k - 2 scrolls of enchant armour
 p - 13 scrolls of teleportation
 q - 3 scrolls of blinking
 r - a scroll of summoning {unknown}
 s - 2 scrolls of vulnerability
 u - a scroll of fear
 K - 3 scrolls of silence
Books
 l - Sif Muna's Disquisition on Battle Magic
   (Sif Muna gifted it to you on level 12 of the Dungeon)

   Spells                             Type                      Level
   a - Flame Tongue                   Conjuration/Fire             1
   b - Sticky Flame                   Conjuration/Fire             4
   c - Iskenderun's Battlesphere      Conjuration/Charms           5
   d - Irradiate                      Conjuration/Transmutation    5
   e - Iron Shot                      Conjuration/Earth            6


   Skills:
 - Level 1.5 Dodging
 - Level 1.5 Stealth
 + Level 14.9 Spellcasting
 + Level 12.4 Conjurations
   Level 3.0 Hexes
 - Level 3.0 Summonings
 * Level 4.8 Necromancy
 - Level 0.7 Translocations
 + Level 7.9 Ice Magic
 - Level 3.0 Air Magic
 - Level 5.0 Earth Magic
 - Level 3.0 Poison Magic
 - Level 8.3 Invocations


You had 21 spell levels left.
You knew the following spells:

 Your Spells              Type           Power        Failure   Level  Hunger
a - Throw Icicle          Conj/Ice       ######..     1%          4    N/A
b - Blink                 Tloc           N/A          4%          2    N/A
c - Mephitic Cloud        Conj/Pois/Air  #####...     1%          3    N/A
d - Borgnjor's Vile Clut  Necr/Erth      ######....   14%         5    N/A
f - Magic Dart            Conj           ####         1%          1    N/A
q - Summon Ice Beast      Ice/Summ       #####...     4%          4    N/A
w - Swiftness             Chrm/Air       ###.....     3%          2    N/A

Dungeon Overview and Level Annotations

Branches:
Dungeon (13/15)            Temple (1/1) D:6            Lair (6/6) D:11
  Swamp (0/4) Lair:4       Spider (0/4) Lair:4        Slime (0/5) Lair:6
    Orc (2/2) D:11            Elf (0/3) Orc:2
 Vaults: D:13-14

Altars:
Ashenzari
Cheibriados
Dithmenos
Elyvilon
Fedhas
Gozag
Hepliaklqana
Kikubaaqudgha
Makhleb
Nemelex Xobeh
Okawaru
Qazlal
Ru
Sif Muna
Trog
Uskayaw
Vehumet
Wu Jian
Xom
Yredelemnul
Zin
The Shining One
Beogh
Jiyva

Shops:
D:2 *   Orc:2 *}(:

Annotations:
D:8 p0werm0de's ghost, novice CeNe
Lair:6 1 runed door


Innate Abilities, Weirdness & Mutations

You do not eat or drink.
Your flesh is vulnerable to fire.
You are immune to poison.
Your flesh is cold resistant. (rC+)
You are immune to negative energy. (rN+++)
You are immune to unholy pain and torment.
You can survive without breathing.
You are in touch with the powers of death.


Message History

Casting: Throw Icicle
Confirm with . or Enter, or press ? or * to list all spells.
Okay, then.
Casting: Throw Icicle
Confirm with . or Enter, or press ? or * to list all spells.
You feel quick.
The centaur shoots an arrow.
The arrow hits you!
The centaur shoots an arrow.
The arrow barely misses you.
The centaur warrior shoots an arrow.
The arrow hits you.
Unknown command.
Unknown command.
The centaur shoots an arrow.
The arrow misses you.
The centaur warrior shoots an arrow.
The arrow hits you!
You see here 4 arrows.
The centaur shoots an arrow.
The arrow hits you!
* * * LOW HITPOINT WARNING * * *
You see here an arrow.
There is a stone staircase leading up here.
The centaur shoots an arrow.
The arrow hits you but does no damage.
The centaur warrior shoots an arrow.
The arrow hits you!!
You die...

#...........
#....[..cc..
#.........c.
#...........
#...(.......
#...(.......
#...(.......
#...........
#..)@.......
#..)).......
#.##########
#. #.


You could see a centaur warrior and 2 centaurs.

Vanquished Creatures
  Rupert (Lair:6)
  6 hydras
  Fannar (D:11)
  Erolcha (D:11)
  4 two-headed ogres
  A catoblepas (Lair:6)
  4 death yaks
  Urug (Orc:1)
  An orc knight (Orc:1)
  An orc sorcerer (Orc:1)
  An oklob plant (Lair:1)
  A cyclops (Orc:2)
  An ugly thing (D:11)
  3 elephants
  Joseph (D:10)
  3 black mambas
  A rime drake (Lair:5)
  15 spiny frogs
  4 gargoyles
  3 komodo dragons
  A queen bee (D:9)
  4 tyrant leeches (Lair:6)
  A hornet (D:12)
  7 trolls
  25 blink frogs
  Prince Ribbit (D:8)
  3 hippogriffs
  26 yaks
  Sigmund (D:3)
  5 wyverns
  A hungry ghost (D:11)
  3 basilisks
  6 vampire mosquitoes (Lair:6)
  A steam dragon (Lair:4)
  Edmund (D:4)
  2 wargs
  15 porcupines
  12 water moccasins
  28 orc warriors
  2 sky beasts
  A necrophage (D:9)
  2 eyes of draining
  4 ice beasts
  11 ogres
  2 phantoms
  15 centaurs
  6 wolves
  12 crocodiles
  A big kobold (D:12)
  2 wyvern zombies (D:11)
  18 bullfrogs
  A wyvern skeleton (D:12)
  12 scorpions
  26 killer bees
  7 wights (D:10)
  An oklob sapling (D:6)
  5 howler monkeys
  A centaur zombie (Ossuary)
  3 electric eels
  6 crimson imps
  4 quasits
  A bullfrog zombie (D:5)
  2 human zombies (Ossuary)
  7 hounds
  3 jellies
  11 orc priests
  27 orc wizards
  Natasha (thrice) (D:4)
  3 iguanas
  10 worker ants
  A big kobold zombie (Ossuary)
  A hound zombie (D:8)
  3 mummies (Ossuary)
  2 worker ant zombies
  3 scorpion zombies (Ossuary)
  11 gnolls
  14 adders
  2 shadow imps
  2 oozes (D:3)
  2 adder skeletons
  An adder zombie (D:7)
  2 worms
  2 dart slugs
  8 leopard geckos
  81 orcs
  2 ball pythons
  12 bats
  3 giant cockroaches
  4 gnoll zombies (Ossuary)
  5 goblins
  7 hobgoblins
  14 jackals
  7 quokkas
  4 frilled lizards
  5 goblin zombies (Ossuary)
  10 kobolds
  2 orc zombies (Ossuary)
  4 rats
  3 plants
623 creatures vanquished.

Vanquished Creatures (collateral kills)
  4 death yaks
  A lindwurm (Lair:5)
  An orc knight (Orc:2)
  An oklob plant (Lair:4)
  A black mamba (Lair:6)
  5 spiny frogs
  A komodo dragon (Lair:6)
  2 hippogriffs (Lair:6)
  3 water moccasins
  2 orc warriors (Orc:2)
  2 centaurs (Orc:2)
  A crocodile (Lair:6)
  2 bullfrogs (Lair:6)
  2 scorpions (Ossuary)
  A killer bee (D:9)
  2 human zombies (Ossuary)
  2 orcs
  A goblin zombie (Ossuary)
34 creatures vanquished.

Vanquished Creatures (others)
  2 orc zombies (Ossuary)
  34 fungi
  91 plants
127 creatures vanquished.

Grand Total: 784 creatures vanquished

Notes
Turn   | Place    | Note
-------+----------+-------------------------------------------
     0 | D:1      | Hasart the Mummy Wizard began the quest for the Orb.
     0 | D:1      | Reached XP level 1. HP: 13/13 MP: 5/5
    75 | D:1      | Reached skill level 1 in Conjurations
   483 | D:1      | Reached XP level 2. HP: 19/19 MP: 2/7
  1564 | D:1      | Reached XP level 3. HP: 21/24 MP: 8/8
  1808 | D:2      | Learned a level 2 spell: Blink
  1811 | D:2      | Learned a level 2 spell: Call Imp
  2048 | D:2      | Reached XP level 4. HP: 24/30 MP: 1/10
  2258 | D:2      | Reached skill level 5 in Spellcasting
  2682 | D:2      | Found Zin's Purification Station.
  2682 | D:2      | Found a glowing silver altar of Zin.
  3094 | D:3      | Reached XP level 5. HP: 25/35 MP: 4/12
  3114 | D:2      | Learned a level 3 spell: Mephitic Cloud
  3598 | D:3      | Noticed Sigmund
  3625 | D:3      | Killed Sigmund
  3625 | D:3      | Reached skill level 1 in Air Magic
  3625 | D:3      | Reached skill level 1 in Poison Magic
  3625 | D:3      | Reached XP level 6. HP: 41/41 MP: 3/14
  4568 | D:4      | Found a glowing drain.
  4627 | Sewer    | Entered a sewer
  4725 | Sewer    | Reached skill level 6 in Spellcasting
  4725 | Sewer    | Reached XP level 7. HP: 46/46 MP: 1/16
  5105 | D:4      | Noticed Edmund
  5176 | D:4      | Killed Edmund
  5328 | D:4      | Noticed Natasha
  5349 | D:4      | Killed Natasha
  5499 | D:4      | Noticed Natasha
  5511 | D:4      | Killed Natasha
  5691 | D:4      | Noticed Natasha
  5698 | D:4      | Killed Natasha
  5698 | D:4      | Reached skill level 5 in Conjurations
  5745 | D:5      | Entered Level 5 of the Dungeon
  5874 | D:5      | Found a basalt altar of Yredelemnul.
  5907 | D:5      | Found a sand-covered staircase.
  5915 | Ossuary  | Entered an ossuary
  6055 | Ossuary  | Reached XP level 8. HP: 23/52 MP: 2/18
  6434 | Ossuary  | Reached skill level 7 in Spellcasting
  6932 | D:5      | Found a sparkling altar of Nemelex Xobeh.
  7346 | D:5      | Reached skill level 8 in Spellcasting
  7547 | D:5      | Found a hazy altar of Hepliaklqana.
  7557 | D:5      | Found a glowing golden altar of the Shining One.
  7657 | D:5      | Reached XP level 9. HP: 39/57 MP: 6/21
  7906 | D:6      | Found a sacrificial altar of Ru.
  8288 | D:6      | Learned a level 3 spell: Dazzling Spray
  8331 | D:6      | Found a staircase to the Ecumenical Temple.
  8517 | Temple   | Entered the Ecumenical Temple
  8630 | Temple   | Became a worshipper of Sif Muna the Loreminder
  9125 | D:7      | Reached skill level 1 in Hexes
  9137 | D:7      | Reached skill level 1 in Invocations
  9354 | D:7      | Reached * piety under Sif Muna
  9537 | D:7      | Reached skill level 9 in Spellcasting
 10420 | D:8      | Found a sacrificial altar of Ru.
 10436 | D:8      | Noticed Prince Ribbit
 10450 | D:8      | Killed Prince Ribbit
 10494 | D:8      | Noticed Joseph
 10496 | D:8      | Noticed p0werm0de's ghost (novice CeNe)
 10641 | D:8      | Identified the Reference Book on Feathery Summoning
 11015 | D:8      | Found the +1 cloak of Starlight {rElec rC+ EV+4 Stlth--}
 11672 | D:9      | Reached ** piety under Sif Muna
 11672 | D:9      | Reached XP level 10. HP: 54/63 MP: 16/23
 12482 | D:9      | Found a blossoming altar of Fedhas.
 12663 | D:9      | Reached skill level 10 in Spellcasting
 13153 | D:10     | Entered Level 10 of the Dungeon
 13371 | D:10     | Noticed a two-headed ogre
 13399 | D:10     | Killed a two-headed ogre
 13399 | D:10     | Reached *** piety under Sif Muna
 13605 | D:10     | Killed Joseph
 13915 | D:10     | Found a shimmering altar of Xom.
 14013 | D:10     | Reached skill level 5 in Invocations
 14282 | D:10     | Reached skill level 10 in Conjurations
 14282 | D:10     | Reached XP level 11. HP: 68/68 MP: 6/25
 14869 | D:11     | Noticed a brown ugly thing
 14889 | D:11     | Killed a brown ugly thing
 14890 | D:11     | Noticed a two-headed ogre
 14947 | D:11     | Killed a two-headed ogre
 14947 | D:11     | Reached skill level 11 in Spellcasting
 15185 | D:11     | Noticed Fannar
 15709 | D:11     | Reached **** piety under Sif Muna
 16296 | D:11     | Learned a level 4 spell: Summon Ice Beast
 16331 | D:11     | Noticed Erolcha
 16373 | D:11     | Killed Erolcha
 16373 | D:11     | Reached skill level 1 in Summonings
 16401 | D:11     | Killed Fannar
 16401 | D:11     | Reached skill level 1 in Ice Magic
 16601 | D:11     | Found a staircase to the Orcish Mines.
 16611 | D:11     | Found a sacrificial altar of Ru.
 16663 | D:11     | Found a staircase to the Lair.
 16881 | Lair:1   | Entered Level 1 of the Lair of Beasts
 16881 | Lair:1   | Noticed a four-headed hydra
 16890 | Lair:1   | Killed a four-headed hydra
 17290 | Lair:1   | Reached skill level 12 in Spellcasting
 17358 | Lair:1   | Noticed an oklob plant
 17414 | Lair:1   | Killed an oklob plant
 17753 | Lair:1   | Learned a level 3 spell: Stone Arrow
 18126 | Lair:2   | Reached XP level 12. HP: 74/74 MP: 15/28
 18502 | Lair:2   | Reached ***** piety under Sif Muna
 19199 | Lair:2   | Identified Sif Muna's Volume of Ignition (Sif Muna gifted it to you on level 2 of the Lair of Beasts)
 19199 | Lair:2   | Received a gift from Sif Muna
 19217 | Lair:2   | Reached skill level 1 in Earth Magic
 21375 | Lair:4   | Found a hole to the Spider Nest.
 21423 | Lair:4   | Found a staircase to the Swamp.
 21684 | Lair:4   | Reached skill level 13 in Spellcasting
 22289 | Lair:5   | Noticed a four-headed hydra
 22302 | Lair:5   | Killed a four-headed hydra
 22523 | Lair:5   | Noticed a death yak
 22554 | Lair:5   | Killed a death yak
 22902 | Lair:5   | Reached skill level 5 in Earth Magic
 23039 | Lair:5   | Noticed a death yak
 23040 | Lair:5   | Noticed a death yak
 23070 | Lair:4   | Killed a death yak
 23239 | Lair:4   | Killed a death yak
 23556 | Lair:5   | Received a gift from Sif Muna
 23557 | Lair:5   | Identified Sif Muna's Tome of Venom and Conjuration (Sif Muna gifted it to you on level 5 of the Lair of Beasts)
 23563 | Lair:5   | Learned a level 4 spell: Throw Icicle
 23686 | Lair:5   | Noticed a seven-headed hydra
 23697 | Lair:5   | Killed a seven-headed hydra
 23697 | Lair:5   | Gained mutation: You are in touch with the powers of death. [Mummy growth]
 23697 | Lair:5   | Reached XP level 13. HP: 79/79 MP: 10/30
 24383 | Lair:6   | Entered Level 6 of the Lair of Beasts
 24647 | Lair:6   | Noticed Rupert
 24679 | Lair:6   | Killed Rupert
 25243 | Lair:6   | Reached skill level 5 in Ice Magic
 26445 | Lair:6   | Reached skill level 14 in Spellcasting
 27214 | Lair:6   | Received a gift from Sif Muna
 27219 | Lair:6   | Identified Sif Muna's Almanac of Hurtful Enchantment (Sif Muna gifted it to you on level 6 of the Lair of Beasts)
 28078 | Lair:6   | Found a runed door.
 28078 | Lair:6   | Found a viscous altar of Jiyva.
 28082 | Lair:6   | Noticed an azure jelly
 28082 | Lair:6   | Noticed an azure jelly
 29349 | Lair:6   | Identified the Almanac of Stones and Stolen Souls
 29354 | Lair:6   | Learned a level 2 spell: Swiftness
 29360 | Lair:6   | Learned a level 5 spell: Borgnjor's Vile Clutch
 29569 | Lair:6   | Found a staircase to the Slime Pits.
 29704 | Orc:1    | Entered Level 1 of the Orcish Mines
 29889 | Orc:1    | Reached skill level 1 in Necromancy
 29889 | Orc:1    | Reached XP level 14. HP: 85/85 MP: 11/32
 30057 | Orc:1    | Noticed Urug
 30075 | Orc:1    | Killed Urug
 31020 | Orc:2    | Entered Level 2 of the Orcish Mines
 31064 | Orc:2    | Found a staircase to the Elven Halls.
 32253 | Orc:2    | Found a bloodstained altar of Trog.
 32260 | Orc:2    | Found a roughly hewn altar of Beogh.
 33315 | Orc:2    | Found Nigux's Gadget Shoppe.
 33315 | Orc:2    | Found Moup's Weapon Boutique.
 33317 | Orc:2    | Found Caikol's Book Shop.
 33319 | Orc:2    | Found Tuddulet's General Store.
 33338 | Orc:2    | Bought the +7 rapier "Xarep" {freeze, rPois rF+} for 966 gold pieces
 33365 | Orc:2    | Bought the cursed +1 falchion "Widowermaker" {slice, SInv} for 230 gold pieces
 33940 | D:12     | Identified Sif Muna's Disquisition on Battle Magic (Sif Muna gifted it to you on level 12 of the Dungeon)
 33940 | D:12     | Received a gift from Sif Muna
 35652 | D:13     | Shot with an arrow by a centaur warrior

Skill      XL: |  1  2  3  4  5  6  7  8  9 10 11 12 13 14 |
---------------+-------------------------------------------+-----
Conjurations   | 1 2 3 4 5 7 8 10 11 12 | 12.4
Spellcasting   | 5 6 8 9 10 12 13 14 | 14.9
Air Magic      | 1 2 3 |  3.0
Poison Magic   | 1 2 3 |  3.0
Hexes          | 3 |  3.0
Invocations    | 3 5 6 8 |  8.3
Summonings     | 3 |  3.0
Ice Magic      | 2 3 7 |  7.9
Earth Magic    | 5 |  5.0
Necromancy     | 1 4 |  4.8
Dodging        | |  1.5
Stealth        | |  1.5
Translocations | |  0.7

Action                   |  1- 3 |  4- 6 |  7- 9 | 10-12 | 13-15 || total
-------------------------+-------+-------+-------+-------+-------++-------
Melee: Unarmed           |    10 |       |       |       |       ||    10
       Dagger            |     7 |       |    49 |   628 |   150 ||   834
       Club              |     4 |       |       |       |       ||     4
       Spear             |       |    72 |   562 |       |       ||   634
       Rapier            |       |       |     2 |       |    83 ||    85
 Cast: Magic Dart        |    91 |   138 |   219 |   113 |       ||   561
       Call Imp          |     1 |     1 |    27 |       |       ||    29
       Mephitic Cloud    |       |     4 |    55 |   117 |    38 ||   214
       Dazzling Spray    |       |       |    28 |   111 |       ||   139
       Stone Arrow       |       |       |       |   150 |       ||   150
       Summon Ice Beast  |       |       |       |    34 |    55 ||    89
       Throw Icicle      |       |       |       |     4 |   363 ||   367
       Blink             |       |       |       |       |     9 ||     9
       Borgnjor's Vile C |       |       |       |       |     2 ||     2
       Swiftness         |       |       |       |       |     1 ||     1
Invok: Channel Magic     |       |       |       |     1 |     3 ||     4
  Use: Scroll            |       |     1 |     1 |    21 |     2 ||    25
 Stab: Confused          |       |     1 |    20 |    38 |    15 ||    74
       Sleeping          |       |     1 |     2 |       |       ||     3
       Distracted        |       |       |     5 |       |       ||     5
       Invisible         |       |       |     4 |     8 |       ||    12
Armor: Robe              |    12 |    23 |   106 |   143 |    91 ||   375
Dodge: Dodged            |    44 |    71 |   319 |   565 |   334 ||  1333
